 Dungeon Crawl Stone Soup version 0.29-a0-841-g116ddc6ace (webtiles) character file.

Game seed: 16672642573828963332

160122 magipi the Nimble (level 17, -5/139 HPs)
             Began as a Merfolk Berserker on July 14, 2022.
             Was an Elder of Trog.
             Slain by a soul eater (22 damage)
             ... on level 4 of the Swamp.
             The game lasted 01:51:47 (35925 turns).

magipi the Nimble (Merfolk Berserker)              Turns: 35925, Time: 01:51:48

Health: -5/139     AC: 26    Str: 24    XL:     17   Next: 75%
Magic:  17/17      EV: 21    Int:  6    God:    Trog [****..]
Gold:   1081       SH: 18    Dex: 19    Spells: 16/16 levels left

rFire   + . .      SeeInvis .   a - +6 demon trident (chaos)
rCold   + + .      Faith    .   Y - +0 kite shield
rNeg    . . .      Spirit   .   W - +3 plate armour of Gozag {+Inv rC+ Dex+4}
rPois   +          Reflect  +   V - +2 helmet of the Pure Friars {rPois rCorr}
rElec   .          Harm     .   C - +0 cloak
rCorr   +          Rampage  .   z - +0 pair of gloves {hurl}
Will    ++++.                   n - +0 pair of boots of Fortification {Contam rC+ Will+ Stlth+}
Stlth   ..........              r - amulet of Compassion {Reflect Fly rPois SH+5 Stlth+}
HPRegen 1.33/turn               f - ring of protection from fire
MPRegen 0.15/turn               v - +4 ring of evasion

@: strong-willed (expiring), flying, regenerating (expiring), slowed, quick
A: nimble swimmer 2, mertail
a: Renounce Religion, Evoke Invisibility, Berserk, Trog's Hand, Brothers in Arms


You were on level 4 of the Swamp.
You worshipped Trog.
Trog was greatly pleased with you.
You visited 5 branches of the dungeon, and saw 28 of its levels.
You also visited: Ossuary, Gauntlet and Volcano.

You collected 3137 gold pieces.
You spent 2056 gold pieces at shops.

Inventory:

Hand Weapons
 a - a +6 demon trident of chaos (weapon)
   (You took it off Donald on level 3 of the Swamp)
 b - a +1 antimagic demon trident
   (Trog gifted it to you on level 3 of the Swamp)
Missiles
 s - 12 boomerangs (quivered)
 x - 10 silver javelins
 O - 2 curare-tipped darts
 U - 6 silver boomerangs
 Z - 4 javelins
Armour
 n - the +0 pair of boots of Fortification (worn) {Contam rC+ Will+ Stlth+}
   (You found it on level 15 of the Dungeon)

   rC:        It protects you from cold.
   Contam:    It causes magical contamination when unequipped.
   Will:      It increases your willpower.
   Stlth:     It makes you more stealthy.
 z - a +0 pair of gloves of hurling (worn)
   (You bought it in a shop on level 2 of the Orcish Mines)
 C - a +0 cloak (worn)
   (You took it off Crazy Yiuf on level 5 of the Dungeon)
 V - the +2 helmet of the Pure Friars (worn) {rPois rCorr}
   (You found it on level 13 of the Dungeon)

   rPois:     It protects you from poison.
   rCorr:     It protects you from acid and corrosion.
 W - the +3 plate armour of Gozag (worn) {+Inv rC+ Dex+4}
   (You bought it in a shop on level 2 of the Orcish Mines)

   Dex:       It affects your dexterity (+4).
   rC:        It protects you from cold.
   +Inv:      It lets you turn invisible.
 Y - a +0 kite shield (worn)
   (You found it on level 14 of the Dungeon)
Jewellery
 f - a ring of protection from fire (left hand)
   (You took it off an orc warrior on level 9 of the Dungeon)
 m - a ring of willpower
   (You found it on level 2 of the Swamp)
 r - the amulet of Compassion (around neck) {Reflect Fly rPois SH+5 Stlth+}
   (You acquired it on level 12 of the Dungeon)

   [amulet of reflection]

   It reflects blocked missile attacks.
   rPois:     It protects you from poison.
   Fly:       It grants you flight.
   SH:        It affects your SH (+5).
   Stlth:     It makes you more stealthy.
 v - a +4 ring of evasion (right hand)
   (You took it off a minotaur in a Gauntlet)
 H - a +4 ring of protection
   (You took it off an orc warrior on level 1 of the Orcish Mines)
 X - a ring of flight
   (You found it on level 1 of the Dungeon)
Wands
 c - a wand of roots (11)
   (You found it on level 6 of the Dungeon)
 d - a wand of digging (5)
   (You found it on level 8 of the Dungeon)
 h - a wand of light (16)
   (You found it on level 4 of the Swamp)
 o - a wand of mindburst (12)
   (You found it on level 13 of the Dungeon)
 u - a wand of flame (30)
   (You took it off a centaur on level 8 of the Dungeon)
 A - a wand of paralysis (9)
   (You took it off Maggie on level 8 of the Dungeon)
 D - a wand of polymorph (11)
   (You found it on level 5 of the Lair of Beasts)
Scrolls
 j - 3 scrolls of fear
 k - 13 scrolls of teleportation
 y - 9 scrolls of noise
 E - 4 scrolls of immolation
 G - a scroll of summoning
 I - 5 scrolls of blinking
 J - 4 scrolls of enchant armour
 N - 3 scrolls of enchant weapon
 P - 2 scrolls of vulnerability
 Q - a scroll of magic mapping
 S - a scroll of silence
 T - 5 scrolls of fog
Potions
 e - 3 potions of cancellation
 g - 4 potions of haste
 i - 4 potions of resistance
 l - 5 potions of heal wounds
 p - 4 potions of invisibility
 q - 2 potions of attraction
 t - 14 potions of curing
 w - 4 potions of might
 B - 3 potions of flight
 F - 5 potions of lignification
 K - 4 potions of mutation
 L - 3 potions of magic
 R - 3 potions of ambrosia
Miscellaneous
 M - a tin of tremorstones (2/2)
   (You found it on level 9 of the Dungeon)


   Skills:
 + Level 14.1 Fighting
 - Level 14.1 Polearms
 - Level 13.0 Throwing
 + Level 11.1 Armour
 + Level 14.5 Dodging
 + Level 11.3 Shields
 - Level 13.0 Evocations


You had 16 spell levels left.
You didn't know any spells.
Your spell library was empty.

Dungeon Overview and Level Annotations

Branches:
Dungeon (15/15)            Temple (1/1) D:6            Lair (6/6) D:8
  Swamp (4/4) Lair:4       Spider (0/4) Lair:2        Slime (0/5) Lair:6
    Orc (2/2) D:12            Elf (0/3) Orc:2        Vaults (0/5) D:13
 Depths (0/4) D:15        Ossuary (visited)         Volcano (visited)
Gauntlet (visited)

Altars:
Cheibriados
Fedhas
Nemelex Xobeh
Qazlal
Ru
Vehumet
Xom
The Shining One
Jiyva

Shops:
D:8 (!(((   Orc:2 *[[(?

Annotations:
Lair:1 3 runed translucent doors, gabibbone's ghost, journeyman HOFi
Swamp:1 1 runed translucent door, Xufiri's ghost, adept FoFi
Orc:1 2 transporters, Boigrap's ghost, journeyman FoFi


Innate Abilities, Weirdness & Mutations

You are very nimble when in or above water. (Stealth+, EV+, Speed+++)
Your lower body shifts to a powerful aquatic tail in water.


Message History

The green death is lightly wounded.
You feel sick. The green death gestures at you. The bolt of poison hits you.
You resist.
You puncture the green death!
The green death looks as sick as possible!
The green death is lightly wounded.
You feel sick. The green death hits you!!
* * * LOW HITPOINT WARNING * * *
Unknown command.
Unknown command.
You feel better. The green death gestures at you.
The blast of poison engulfs you but does no damage.
You resist. The green death gestures at you. The bolt of poison hits you.
You resist.
* * * LOW HITPOINT WARNING * * *
You puncture the green death!
The green death seems to grow stronger.
The green death is moderately wounded.
You block the green death's attack.
You hit the green death.
The green death flickers and vanishes!
Deactivating autopickup; reactivate with Ctrl-A.
Something misses you.
Unknown command.
Unknown command.
Aiming: Fastroot
Press: ? - help, Shift-Dir - straight line The roots erupt in riotous growth!
A poison arrow appears from out of thin air!
The poison arrow reflects off an invisible shield around you!
The poison arrow hits something!!
Unknown command.
Unknown command.
Unknown command.
You closely miss something. Something hits you!
* * * LOW HITPOINT WARNING * * *
Unknown command.
You feel much better. Something hits you!!
* * * LOW HITPOINT WARNING * * *
Something closely misses you.
Unknown command.
You feel much better.
A bolt of poison appears from out of thin air!
The bolt of poison hits you.
You are poisoned.
You resist.
* * * LOW HITPOINT WARNING * * *
Unknown command.
You puncture something! Trog accepts your kill.
Reactivating autopickup.
You feel a bit more experienced.
You feel very sick.
Unknown command.
Your skin crawls.
You feel strong-willed.
You feel very sick.
You feel sick.
You feel sick.
A soul eater comes into view.
You feel sick.
You hit the soul eater. You burn the soul eater.
The soul eater is lightly wounded.
You feel sick. You block the soul eater's attack.
You puncture the soul eater!
The soul eater convulses.
The soul eater is moderately wounded.
You feel sick.
The soul eater draws from the surrounding life force!
* * * LOW HITPOINT WARNING * * *
The soul eater is healed.
You hit the soul eater but do no damage.
The soul eater seems to grow stronger.
The soul eater is moderately wounded.
You feel sick. You block the soul eater's attack.
You impale the soul eater!!
The soul eater is severely wounded.
You feel sick.
The soul eater draws from the surrounding life force!
* * * LOW HITPOINT WARNING * * *
The soul eater is healed.
Unknown command.
You impale the soul eater!!
Space warps around the soul eater.
The soul eater is almost dead.
You feel the effects of Trog's Hand fading.
You feel sick.
You are no longer poisoned.
The soul eater draws from the surrounding life force!
* * * LOW HITPOINT WARNING * * *
The soul eater is healed.
You feel much better.
The soul eater draws from the surrounding life force!
* * * LOW HITPOINT WARNING * * *
The soul eater is healed.
Unknown command.
You puncture the soul eater!
Lightning courses through the soul eater!
The soul eater is heavily wounded.
The soul eater hits you!!
You die...

♣§≈.≈.≈≈≈≈≈≈≈≈≈.<[.≈≈≈≈÷[≈≈
♣♣♣♣♣.≈♣.§≈≈≈≈≈≈≈#########§♣≈≈
♣♣.♣♣♣....≈.♣...###≈§.♣ ###≈.
♣≈.≈≈♣≈≈.≈.♣♣♣###♣≈≈§♣♣ ###
♣♣≈≈≈.≈..≈.♣♣##§ ≈≈≈≈≈♣ #
♣♣≈≈..§...≈##§##≈≈..≈♣
♣..≈......##≈.#∩#
♣♣.♣≈.≈≈§≈#♣.≈3#.#
♣♣♣.≈≈..##§≈@≈#..#
♣♣...≈..)#♣.≈≈.##≈.#
♣.≈.≈..).#.≈≈≈§♣#≈≈3♣
♣♣....≈♣#≈≈≈≈.≈.##♣≈≈≈
♣♣♣≈♣♣♣#≈≈≈♣.§≈.# k≈2≈ ♣♣♣
#≈≈≈≈.≈§## ≈.≈ #≈≈≈≈♣### ♣
#≈.♣## # #♣♣#


You could see a soul eater (strong).

Vanquished Creatures
  Bai Suzhen (Swamp:2)
  Nikola (Swamp:3)
  A tentacled monstrosity (Swamp:4)
  Mlioglotl (Swamp:3)
  A thorn hunter (Swamp:3)
  Agnes (D:14)
  Donald (Swamp:3)
  2 fenstrider witches
  An orc warlord (Orc:1)
  Aizul (Swamp:3)
  An ironbound preserver (D:13)
  Nessos (D:14)
  6 eleionomae
  A minotaur (Gauntlet)
  4 bunyips
  A blizzard demon (Swamp:4)
  A green death (Swamp:4)
  2 fire dragons
  A great orb of eyes (D:15)
  Harold (D:8)
  A rakshasa (D:15)
  3 ghost crabs
  11 hydras
  A boulder beetle (D:14)
  A death knight (D:14)
  4 two-headed ogres
  8 centaur warriors
  6 alligators
  Erica (D:9)
  A tengu warrior (D:15)
  4 orc high priests (Orc:2)
  A soul eater (Swamp:4)
  11 spriggans
  A fire crab (Lair:6)
  4 skeletal warriors (D:15)
  4 spriggan druids
  8 goliath frogs
  A death drake (Swamp:4)
  An orb spider (Lair:2)
  4 bog bodies
  5 swamp dragons
  4 deep elf pyromancers
  3 manticores
  2 orc knights (Orc:1)
  A deep elf zephyrmancer (Swamp:4)
  4 will-o-the-wisps
  A moth of wrath (Gauntlet)
  5 ugly things
  A wolf spider (D:15)
  5 orc sorcerers
  9 cyclopes
  3 elephants (Lair:6)
  Joseph (D:9)
  4 black mambas
  4 gargoyles
  3 unseen horrors
  3 torpor snails
  4 rime drakes
  An efreet (D:14)
  9 cane toads
  2 kobold demonologists (D:12)
  A hellwing (Swamp:4)
  2 freezing wraiths
  11 komodo dragons
  An ice devil (Gauntlet)
  A polar bear (shapeshifter) (D:13)
  7 trolls
  A tarantella (D:14)
  9 tyrant leeches
  Grinder (D:3)
  9 hornets
  9 polar bears (Lair:6)
  18 blink frogs
  A blink frog (shapeshifter) (D:13)
  9 slime creatures
  A raiju (Lair:6)
  A raiju (shapeshifter) (D:15)
  5 dream sheep (Lair:5)
  2 culicivoras (D:14)
  2 vampires
  Sigmund (D:6)
  5 wyverns
  73 yaks
  5 wraiths
  9 fire bats
  10 basilisks
  A chaos spawn (Swamp:4)
  3 fire elementals (Volcano)
  4 redbacks
  23 vampire mosquitoes
  4 steam dragons
  10 wargs
  A naga (shapeshifter) (D:14)
  11 swamp worms
  12 hell hounds (Lair:6)
  4 acid dragons
  26 water moccasins
  Duvessa (D:5)
  2 swamp drakes (Lair:6)
  5 ice beasts
  2 hornet zombies (D:7)
  32 orc warriors
  16 black bears
  7 ogres
  18 wolves
  12 centaurs
  2 elf zombies (Ossuary)
  2 kobold brigands (D:10)
  7 scorpions
  A wyvern zombie (D:7)
  2 necrophages
  19 bullfrogs
  8 wights (D:7)
  Dowan (D:5)
  11 killer bees
  A howler monkey (D:9)
  2 electric eels (D:10)
  2 centaur zombies (D:7)
  5 lava snakes (Volcano)
  34 orc priests
  8 hounds
  4 human zombies (Ossuary)
  Crazy Yiuf (D:5)
  3 jellies
  6 iguanas
  21 orc wizards
  5 hell rats (Lair:4)
  6 killer bee zombies (D:7)
  A hound zombie (Ossuary)
  3 mummies (Ossuary)
  2 howler monkey zombies (D:7)
  8 gnolls
  11 adders
  A shadow imp (D:5)
  9 white imps
  3 ufetubi
  6 adder zombies (Ossuary)
  4 worms
  5 dart slugs
  54 orcs
  18 bats
  7 endoplasms
  4 giant cockroaches
  7 hobgoblins
  5 quokkas
  8 ball pythons
  2 frilled lizards
  2 gnoll zombies (Ossuary)
  8 goblins
  4 goblin zombies (Ossuary)
  3 hobgoblin zombies (Ossuary)
  5 jackal zombies (Ossuary)
  20 kobolds
  2 kobold zombies (Ossuary)
  2 orc zombies (Ossuary)
  2 quokka zombies (Ossuary)
  4 rats
  3 rat zombies (Ossuary)
  A briar patch (Swamp:3)
933 creatures vanquished.

Vanquished Creatures (collateral kills)
  Jorgrun (D:12)
  A stone giant (Volcano)
  A minotaur (D:15)
  The ghost of Soxetsae the Scorcher, a journeyman DEFE of Vehumet (D:15)
  A hydra (D:15)
  An orc high priest (Orc:1)
  A goliath frog (Swamp:3)
  A bog body (Swamp:3)
  A phantasmal warrior (D:14)
  Pikel (D:8)
  An orc knight (Orc:1)
  A manticore (D:15)
  A molten gargoyle (Volcano)
  A gargoyle (Volcano)
  Maggie (D:8)
  An efreet (Volcano)
  A tyrant leech (Swamp:2)
  A raiju (Lair:6)
  A wraith (D:12)
  A fire elemental (Volcano)
  2 basilisks
  A hell hound (Lair:6)
  2 lemures (D:8)
25 creatures vanquished.

Vanquished Creatures (others)
  An ogre mage (Swamp:4)
  2 bloated husks
  42 foxfires
  22 fungi
  52 plants
  18 withered plants
137 creatures vanquished.

Grand Total: 1095 creatures vanquished

Notes
Turn   | Place    | Note
-------+----------+-------------------------------------------
     0 | D:1      | magipi the Merfolk Berserker began the quest for the Orb.
     0 | D:1      | Reached XP level 1. HP: 18/18 MP: 1/1
   249 | D:1      | Reached XP level 2. HP: 24/24 MP: 2/2
   685 | D:1      | Reached XP level 3. HP: 28/29 MP: 3/3
   693 | D:1      | Found a faded altar of an unknown god.
   727 | D:1      | Reached ** piety under Trog
  1037 | D:2      | Reached skill level 5 in Polearms
  1050 | D:2      | Reached XP level 4. HP: 37/37 MP: 4/4
  1820 | D:3      | Found a blossoming altar of Fedhas.
  1957 | D:3      | Noticed Grinder
  1980 | D:3      | Killed Grinder
  1981 | D:3      | Reached XP level 5. HP: 43/43 MP: 5/5
  1981 | D:3      | Reached XP level 6. HP: 49/49 MP: 6/6
  2362 | D:3      | Found a stormy altar of Qazlal.
  2710 | D:4      | Reached XP level 7. HP: 47/55 MP: 7/7
  2712 | D:4      | Reached *** piety under Trog
  2720 | D:4      | Found a sand-covered staircase.
  2743 | Ossuary  | Entered an ossuary
  2837 | Ossuary  | Reached skill level 5 in Dodging
  2933 | Ossuary  | Reached skill level 5 in Fighting
  3206 | Ossuary  | Reached skill level 1 in Throwing
  3412 | Ossuary  | Reached **** piety under Trog
  3495 | D:4      | Reached XP level 8. HP: 62/62 MP: 8/8
  3982 | D:5      | Entered Level 5 of the Dungeon
  4118 | D:5      | Found a runed translucent door.
  4119 | D:5      | Noticed Crazy Yiuf
  4127 | D:5      | Killed Crazy Yiuf
  4228 | D:5      | Found a sacrificial altar of Ru.
  4536 | D:5      | Noticed Dowan
  4537 | D:5      | Noticed Duvessa
  4565 | D:5      | Killed Duvessa
  4566 | D:5      | Reached XP level 9. HP: 66/69 MP: 9/9
  4569 | D:5      | Killed Dowan
  4740 | D:5      | Reached skill level 10 in Polearms
  4987 | D:6      | Found a sparkling altar of Nemelex Xobeh.
  5095 | D:6      | Found a staircase to the Ecumenical Temple.
  5099 | D:6      | Noticed Sigmund
  5104 | D:6      | Killed Sigmund
  5113 | Temple   | Entered the Ecumenical Temple
  5197 | D:6      | Found a snail-covered altar of Cheibriados.
  5446 | D:6      | Reached skill level 1 in Evocations
  6134 | D:7      | Reached XP level 10. HP: 75/79 MP: 10/10
  6903 | D:7      | Reached ***** piety under Trog
  7282 | D:7      | Reached skill level 5 in Throwing
  7494 | D:8      | Found Tuiwife's Antique Weapon Boutique.
  7637 | D:8      | Found a staircase to the Lair.
  7661 | D:8      | Found Wuisaa's Distillery.
  7669 | D:8      | Bought a potion of heal wounds for 60 gold pieces
  7669 | D:8      | Bought a potion of mutation for 96 gold pieces
  7746 | D:8      | Noticed a cyclops
  7754 | D:8      | Killed a cyclops
  7888 | D:8      | Found Kosow's Antique Weapon Shop.
  7956 | D:8      | Found Heenk's Antique Weapon Emporium.
  7967 | D:8      | Noticed Maggie
  7978 | D:8      | Killed Maggie
  7979 | D:8      | Reached skill level 5 in Armour
  7979 | D:8      | Found Deqoc's Antique Weapon Shoppe.
  7984 | D:8      | Noticed Pikel
  7990 | D:8      | Killed Pikel
  8001 | D:8      | Bought a slimy trident for 297 gold pieces
  8001 | D:8      | Identified the +11 trident of Doom {vorpal, *Rage rElec rC+
                  | Will+} (You bought it in a shop on level 8 of the Dungeon)
  8397 | D:9      | Noticed Harold
  8494 | D:8      | Killed Harold
  8495 | D:8      | Reached XP level 11. HP: 86/86 MP: 11/11
  8581 | D:9      | Noticed a two-headed ogre
  8676 | D:9      | Noticed Joseph
  8684 | D:9      | Killed Joseph
  9003 | D:9      | Killed a two-headed ogre
  9257 | D:9      | Noticed Erica
  9274 | D:9      | Killed Erica
  9696 | D:10     | Entered Level 10 of the Dungeon
 10118 | D:10     | Reached skill level 10 in Dodging
 10904 | D:10     | Found a shimmering altar of Xom.
 10904 | D:10     | Found a glowing golden altar of the Shining One.
 10981 | D:10     | Reached skill level 5 in Evocations
 11973 | D:11     | Reached XP level 12. HP: 81/95 MP: 12/12
 12496 | D:12     | Noticed a two-headed ogre
 12503 | D:12     | Killed a two-headed ogre
 12643 | D:12     | Identified a scroll of acquirement
 12643 | D:12     | Acquired the amulet of Compassion {Reflect Fly rPois SH+5
                  | Stlth+}
 12696 | D:12     | Found a gate leading to a gauntlet.
 12705 | Gauntlet | Entered a Gauntlet
 12705 | Gauntlet | Found a transporter.
 12714 | Gauntlet | Found a transporter.
 12716 | Gauntlet | Found a transporter.
 12718 | Gauntlet | Found a transporter.
 12882 | Gauntlet | Found a transporter.
 12891 | Gauntlet | Found a transporter.
 12895 | Gauntlet | Noticed a green death
 12897 | Gauntlet | Found a transporter.
 12912 | Gauntlet | Found a transporter.
 12932 | Gauntlet | Found a transporter.
 12934 | Gauntlet | Noticed a death yak
 12935 | Gauntlet | Noticed a death yak
 12935 | Gauntlet | Noticed a death yak
 12936 | Gauntlet | Noticed a death yak
 12944 | Gauntlet | Found a transporter.
 12956 | Gauntlet | Found a transporter.
 12968 | Gauntlet | Found a transporter.
 12980 | Gauntlet | Found a transporter.
 12997 | Gauntlet | Found a transporter.
 13014 | Gauntlet | Found a transporter.
 13016 | Gauntlet | Found a transporter.
 13109 | Gauntlet | Found a transporter.
 13317 | Gauntlet | Found a transporter.
 13423 | Gauntlet | Identified the +2 helmet of the Volcano {Drain +Inv rElec
                  | rPois}
 13461 | Gauntlet | Identified the +3 bardiche of the Scavenger {pain, Int+5}
 13461 | Gauntlet | Noticed a minotaur
 13471 | Gauntlet | Killed a minotaur
 13602 | D:12     | Noticed Jorgrun
 13621 | D:12     | Killed Jorgrun
 13924 | D:12     | Reached skill level 10 in Fighting
 13989 | D:12     | Found a staircase to the Orcish Mines.
 14831 | Lair:1   | Entered Level 1 of the Lair of Beasts
 14914 | Lair:1   | Reached XP level 13. HP: 104/104 MP: 13/13
 15421 | Lair:1   | Found a runed translucent gate.
 15422 | Lair:1   | Found a runed translucent gate.
 15423 | Lair:1   | Found a runed translucent gate.
 15424 | Lair:1   | Noticed gabibbone's ghost (journeyman HOFi)
 15555 | Lair:2   | Found a hole to the Spider Nest.
 17423 | Lair:4   | Found a dark tunnel.
 17433 | Volcano  | Entered a volcano
 17576 | Volcano  | Noticed a stone giant
 17607 | Volcano  | Found a burning altar of Makhleb.
 17640 | Volcano  | Killed a stone giant
 17920 | Lair:4   | Found a staircase to the Swamp.
 18078 | Lair:4   | Reached XP level 14. HP: 113/113 MP: 14/14
 18622 | Lair:5   | Reached skill level 10 in Throwing
 19084 | Lair:5   | Received a gift from Trog
 19243 | Lair:6   | Entered Level 6 of the Lair of Beasts
 19516 | Lair:6   | Found a viscous altar of Jiyva.
 19517 | Lair:6   | Found a staircase to the Slime Pits.
 19777 | Lair:6   | Upgraded the game from 0.29-a0-838-g385bb11a5b to
                  | 0.29-a0-841-g116ddc6ace
 20060 | Lair:6   | Received a gift from Trog
 20602 | Lair:6   | Reached skill level 10 in Evocations
 21473 | Lair:6   | Reached XP level 15. HP: 123/123 MP: 15/15
 21848 | Orc:1    | Entered Level 1 of the Orcish Mines
 21987 | Orc:2    | Entered Level 2 of the Orcish Mines
 21987 | Orc:2    | Found Daukidit's Magic Scroll Emporium.
 21991 | Orc:2    | Received a gift from Trog
 22516 | Orc:2    | Bought a scroll of blinking for 135 gold pieces
 22516 | Orc:2    | Bought a scroll of teleportation for 54 gold pieces
 22516 | Orc:2    | Bought a scroll of fog for 72 gold pieces
 22647 | Orc:1    | Noticed an orc warlord
 22668 | Orc:1    | Killed an orc warlord
 22996 | Orc:1    | Noticed Boigrap's ghost (journeyman FoFi)
 23021 | Orc:1    | Found a transporter.
 23117 | Orc:1    | Found a transporter.
 23767 | Orc:2    | Found a staircase to the Elven Halls.
 23822 | Orc:2    | Received a gift from Trog
 24779 | Orc:2    | Found Fubiuwny's Assorted Antiques.
 24779 | Orc:2    | Found Pikhawk's Antique Weapon Emporium.
 24779 | Orc:2    | Found Xekuc's Antique Armour Shoppe.
 24782 | Orc:2    | Found Heypn's Antique Armour Emporium.
 24811 | Orc:2    | Bought a spiked plate armour for 980 gold pieces
 24811 | Orc:2    | Identified the +3 plate armour of Gozag {+Inv rC+ Dex+4}
                  | (You bought it in a shop on level 2 of the Orcish Mines)
 24830 | Orc:2    | Bought a pair of embroidered gloves for 202 gold pieces
 24844 | Orc:2    | Bought an ancient bronze amulet for 160 gold pieces
 24844 | Orc:2    | Identified the amulet "Wips" {Reflect rPois MP+9 Int+2
                  | SH+5} (You bought it in a shop on level 2 of the Orcish
                  | Mines)
 25432 | D:13     | Identified the +2 helmet of the Pure Friars {rPois rCorr}
 25765 | D:13     | Reached skill level 10 in Armour
 26437 | D:13     | Found a gate to the Vaults.
 26685 | D:14     | Noticed Nessos
 26763 | D:14     | Noticed Agnes
 26767 | D:14     | Killed Agnes
 26853 | D:14     | Identified the +9 trident of Usoemim {vorpal, *Rage rCorr
                  | Dex+7}
 26969 | D:14     | Found a stormy altar of Qazlal.
 27040 | D:14     | Reached skill level 1 in Shields
 27340 | D:14     | Reached XP level 16. HP: 115/130 MP: 16/16
 27584 | D:14     | Killed Nessos
 27853 | D:15     | Entered Level 15 of the Dungeon
 27895 | D:15     | Found a runed translucent gate.
 27895 | D:15     | Found a runed translucent gate.
 27895 | D:15     | Found a runed translucent gate.
 27902 | D:15     | Noticed Soxetsae's ghost (journeyman DEFE)
 28170 | D:15     | Reached skill level 5 in Shields
 28957 | D:15     | Identified the +8 sling of the Asp {freeze, Contam MP+9
                  | Str+5}
 29106 | D:15     | Paralysed by a great orb of eyes for 2 turns
 29117 | D:15     | Found a staircase to the Depths.
 29290 | D:15     | Killed Soxetsae's ghost
 29304 | D:15     | Identified the +0 pair of boots of Fortification {Contam
                  | rC+ Will+ Stlth+}
 29562 | Swamp:1  | Entered Level 1 of the Swamp
 29754 | Swamp:1  | Received a gift from Trog
 29775 | Swamp:1  | Reached skill level 10 in Shields
 30393 | Swamp:1  | Found a runed translucent door.
 30394 | Swamp:1  | Noticed Xufiri's ghost (adept FoFi)
 31637 | Swamp:3  | Reached XP level 17. HP: 130/137 MP: 17/17
 32081 | Swamp:3  | Received a gift from Trog
 32108 | Swamp:3  | Noticed Donald
 32137 | Swamp:3  | Killed Donald
 32515 | Swamp:3  | Noticed Bai Suzhen
 32693 | Swamp:2  | Killed Bai Suzhen
 33040 | Swamp:3  | Noticed Aizul
 33055 | Swamp:3  | Killed Aizul
 33270 | Swamp:3  | Noticed Nikola
 33300 | Swamp:3  | Killed Nikola
 33711 | Swamp:4  | Entered Level 4 of the Swamp
 33739 | Swamp:4  | Noticed Mlioglotl
 33899 | Swamp:3  | Killed Mlioglotl
 35024 | Swamp:4  | Noticed a tentacled monstrosity
 35095 | Swamp:4  | Killed a tentacled monstrosity
 35923 | Swamp:4  | HP: 6/139 [soul eater/drain life (11)]
 35925 | Swamp:4  | Slain by a soul eater

Illustrated notes

Levels and vault maps discovered:
D:1:      mainiacjoe_arrival_reflecting_pool, layout_loops_cross,
          ebering_ecumenical_altar_mist
D:2:      layout_rooms, serial_forest, infiniplex_forest_side_room,
          infiniplex_forest_end_2, infiniplex_forest_clump_large,
          infiniplex_forest_lined_room_, infiniplex_forest_lined_3,
          infiniplex_forest_end_1, infiniplex_forest_lined_1,
          minmay_fractal_squares_gapless_5
D:3:      layout_rooms, mainiacjoe_overflow_24_doors,
          mainiacjoe_overflow_catwalk, nicolae_concentric_dashed_squares_mild,
          grunt_ministairs_9, kennysheep_potato, uniq_grinder
D:4:      layout_rooms, enter_ossuary_1
D:5:      old_forge, layout_cave_pools, hangedman_ru_absence,
          uniq_crazy_yiuf_cottage, uniq_duvessa
D:6:      layout_rooms, mainiacjoe_overflow_cross_hatched,
          kennysheep_slug_shrine, minmay_temple_entry_junction, uniq_sigmund
D:7:      layout_gridville, serial_undead, serial_undead_d, serial_undead_a,
          serial_undead_b, serial_undead_d, serial_undead_e, serial_undead_e,
          serial_undead_a, serial_undead_e
D:8:      layout_basic, lair_entry_dummy, serial_shops, nicolae_shop_stone,
          nicolae_shop_overgrown_old_shop, nicolae_square_shop, shop, shop,
          uniq_pikel, uniq_maggie
D:9:      layout_loops_ring, uniq_erica, uniq_joseph, uniq_harold
D:10:     layout_layer_cave, nicolae_overflow_squiral
D:11:     layout_loops_ring, serial_bayou_crossing
D:12:     layout_cave_pods, david_orc_1_choice, gauntlet_entry_generic,
          uniq_jorgrun
D:13:     layout_irregular_city, skrybe_vaults_entry_preservation,
          minmay_circle_x
D:14:     layout_basic, nicolae_qazlal_general_emergency, uniq_nessos,
          uniq_agnes
D:15:     gammafunk_enter_depths_forms, layout_irregular_city,
          maelrawn_ghost_gauntlet_escape, roderic_lattice_octagonal_star
Temple:   eino_wide_crystal_templ
Lair:1:   layout_misc_corridors, ebering_ghost_rock_garden, lemuel_fruit_fields
Lair:2:   layout_long_grid, nicolae_spider_entry_orb_guardian,
          beast_lair_carwin_9
Lair:3:   layout_loops_ring, nicolae_quartered_pool_impasse
Lair:4:   layout_regular_city, swamp_mist, nicolae_volcano_entry_s_turn,
          kennysheep_basilisk_garden
Lair:5:   layout_gridlike, minmay_stone_trees_small,
          chequers_serial_rivers_micro_d
Lair:6:   hangedman_lair_caniforms_friends, layout_hall_layers,
          guppyfry_lair_end_dragon, slime_entry_1, grunt_megastairs_1
Swamp:1:  layout_basic_swamp, gammafunk_ghost_grave, nicolae_swamp_tree_designs,
          swamp_pool4, hangedman_swamp_lotus
Swamp:2:  layout_falls_marsh, evilmike_swamp_ruin_rubble_1, swamp_pool1
Swamp:3:  layout_falls_marsh, evilmike_swamp_ruin_wall, swamp_pool1,
          uniq_nikola, uniq_aizul, uniq_donald, uniq_bai_suzhen
Swamp:4:  nzn_swamp_witches_coven, layout_basic_swamp,
          infiniplex_staircase_pool, uniq_mlioglotl
Orc:1:    orc_temple, layout_caves, gammafunk_ghost_arena, basic_altar
Orc:2:    st_orc_mages, layout_caves, serial_shops, shop

Skill      XL: |  1  2  3  4  5  6  7  8  9 10 11 12 13 14 15 16 17 |
---------------+----------------------------------------------------+-----
Dodging        | 3 4 5 6 8 9 10 11 13 14 | 14.5
Polearms       | 5 6 7 8 9 11 13 14 | 14.1
Armour         | 2 3 4 5 6 7 9 10 11 | 11.1
Fighting       | 4 5 6 7 8 9 10 11 13 14 | 14.1
Throwing       | 1 3 4 5 6 8 9 11 12 13 | 13.0
Evocations     | 1 3 5 7 8 10 12 13 | 13.0
Shields        | 2 10 11 | 11.3

Action                   |  1- 3 |  4- 6 |  7- 9 | 10-12 | 13-15 | 16-18 || total
-------------------------+-------+-------+-------+-------+-------+-------++-------
Melee: Spear             |    99 |   228 |   346 |       |       |       ||   673
       Punch             |     1 |     1 |     5 |    15 |    25 |       ||    47
       Halberd           |       |       |   102 |       |       |       ||   102
       Trident           |       |       |   163 |   692 |  2003 |   672 ||  3530
       Demon trident     |       |       |       |       |       |   360 ||   360
Throw: Boomerang         |       |       |       |     3 |    40 |    16 ||    59
Invok: Berserk           |     1 |     5 |     7 |    17 |     8 |     7 ||    45
       Trog's Hand       |       |     1 |     1 |     2 |    11 |     4 ||    19
       Brothers in Arms  |       |       |     1 |     2 |     4 |     4 ||    11
Evoke: Wand              |       |       |       |     6 |     7 |     4 ||    17
       Tin of tremorston |       |       |       |       |     3 |     1 ||     4
  Use: Potion            |       |       |     1 |     1 |     1 |     5 ||     8
       Scroll            |       |       |    21 |    10 |     5 |     3 ||    39
 Stab: Sleeping          |     2 |       |       |       |       |       ||     2
       Distracted        |       |       |       |       |     1 |     4 ||     5
       Confused          |       |       |       |       |       |     3 ||     3
Armor: Animal skin       |     3 |       |       |       |       |       ||     3
       Ring mail         |     9 |    35 |       |       |       |       ||    44
       Plate armour      |       |    48 |   238 |   191 |   199 |   242 ||   918
       Scale mail        |       |       |       |       |   195 |       ||   195
Dodge: Dodged            |    46 |    65 |   148 |   188 |   921 |   353 ||  1721
Block: Other             |       |       |       |     8 |   222 |       ||   230
       Reflection        |       |       |       |     1 |     8 |    16 ||    25
       Kite shield       |       |       |       |       |    32 |   521 ||   553

Table legend: (Time is in decaauts)
 A = Elapsed time spent in this place.
 B = Non-inter-level travel time spent in this place.
 C = Inter-level travel time spent in this place.
 D = Time resting spent in this place.
 E = Time spent auto-exploring this place.
 F = Levels seen in this place.
 G = Mean time per level.
                   A        B        C        D        E       F      G
               +--------+--------+--------+--------+--------+-----+--------+
         Total |  35044 |  33477 |   1567 |  10897 |  10251 |  31 | 1130.5 |
       Dungeon |  18334 |  17397 |    937 |   5099 |   6806 |  15 | 1222.3 |
        Temple |     27 |     27 |      0 |     25 |      0 |   1 |   27.0 |
          Lair |   6361 |   5948 |    413 |   1021 |   1997 |   6 | 1060.2 |
         Swamp |   5866 |   5696 |    170 |   3371 |    701 |   4 | 1466.5 |
  Orcish Mines |   2780 |   2734 |     46 |    912 |    516 |   2 | 1390.0 |
       Ossuary |    636 |    636 |      0 |    161 |     76 |   1 |  636.0 |
       Volcano |    220 |    220 |      0 |      0 |      0 |   1 |  220.0 |
      Gauntlet |    819 |    819 |      0 |    307 |    154 |   1 |  819.0 |
               +--------+--------+--------+--------+--------+-----+--------+

Top non-repeatable levels by time:
 Swamp:3: 2364 daAuts
  Lair:6: 2202 daAuts
    D:12: 1940 daAuts
    D:10: 1869 daAuts
    D:13: 1633 daAuts
    D:15: 1496 daAuts
   Orc:1: 1489 daAuts
 Swamp:2: 1386 daAuts
     D:8: 1358 daAuts
   Orc:2: 1290 daAuts
     D:7: 1231 daAuts
     D:9: 1196 daAuts
     D:6: 1179 daAuts
 Swamp:1: 1175 daAuts
    D:14: 1131 daAuts
